 Dungeon Crawl Stone Soup version 0.31.0-32-g396128a36d (webtiles) character file.

Game seed: 3524355678305966437

81 Ega the Changeling (level 4, -2/35 HPs)
             Began as a Demigod Shapeshifter on Mar 21, 2024.
             Splashed by Sigmund the jelly's acid (3 damage)
             ... on level 2 of the Dungeon.
             The game lasted 00:04:41 (1841 turns).

Ega the Changeling (Demigod Shapeshifter)           Turns: 1841, Time: 00:04:41

Health: -2/35      AC: -2    Str: 19    XL:     4   Next: 0%
Magic:  6/6        EV: 12    Int: 12    God:
Gold:   45         SH:  0    Dex: 13    Spells: 3/3 levels left

rFire   . .          .
                       - Unarmed
rCold   . . .        (no shield)
rNeg    . . .        a - +0 animal skin
rPois   .            (helmet currently unavailable)
rElec   .            (cloak currently unavailable)
rCorr   .            (gloves currently unavailable)
SInv    .            (boots currently unavailable)
Will    .....        (no amulet)
Stlth   +            h - +4 ring of protection
HPRegen 0.25/turn    (no ring)
MPRegen 0.10/turn

%: no passive effects
@: beast-form, corroded
A: beast (slay +2), high MP 1, forlorn, divine attributes
a: Begin Untransformation


You were on level 2 of the Dungeon.
You were a hulking beast.
You visited 1 branch of the dungeon, and saw 2 of its levels.

You collected 45 gold pieces.

Inventory:

Armour
 a - a +0 animal skin (worn)
Magical Staves
 j - a staff of air
Jewellery
 h - a +4 ring of protection (left hand)
Talismans
 c - a beast talisman
 d - a flux talisman
Scrolls
 e - 3 scrolls of teleportation {unknown}
 f - a scroll of poison {unknown}
Potions
 b - 2 potions of lignification
 g - 2 potions of heal wounds {unknown}


   Skills:
 + Level 1.0 Fighting
 + Level 2.2 Dodging
 - Level 0.1 Stealth
 + Level 3.4 Unarmed Combat
 * Level 3.6 Shapeshifting


You had 3 spell levels left.
You didn't know any spells.
Your spell library was empty.

Dungeon Overview and Level Annotations

Branches:
Dungeon (2/15)

Annotations:
D:2 Sigmund


Innate Abilities, Weirdness & Mutations

You are a hulking beast.
Your limbs bulge with bestial killing power. (Slay +2)
You have an increased reservoir of magic. (+10% MP)
You shall have no god before yourself.
Your divine heritage dramatically boosts your attributes as you level up.


Message History

Sigmund the Dreaded comes into view.
He is wielding a +0 scythe.
You open the door.
Found an ancient bone altar of Kikubaaqudgha.
There is an open door here.
Sigmund casts a spell.
Sigmund flickers and vanishes!
Deactivating autopickup; reactivate with Ctrl-A.
There is an open door here.
You see here a hobgoblin skeleton.
Items here: )))).
Items here: ))))) [[ รทรท.
A magic dart appears from out of thin air!
The magic dart hits you.
Sigmund appears from thin air!
Reactivating autopickup.
Aiming: Polymorph
Press: ? - help, Q - select action Shift-Dir - straight line, f - Sigmund
Aim: Sigmund, wielding a +0 scythe and wearing a +0 robe (will become a jelly, a quokka, or a hobgoblin, chance to affect: 57%) Sigmund resists with significant effort.
Aiming: Polymorph
Press: ? - help, Q - select action Shift-Dir - straight line, f/p - Sigmund
Aim: Sigmund, wielding a +0 scythe and wearing a +0 robe (will become a jelly, a quokka, or a hobgoblin, chance to affect: 57%) Sigmund evaporates and reforms as a jelly!
The now-empty wand crumbles to dust.
You hit Sigmund but do no damage.
Your hands burn!
Sigmund hits you but does no damage.
You punch Sigmund!
Your hands burn!
Sigmund is heavily wounded.
Sigmund barely misses you.
You hit Sigmund. The acid corrodes you!
Your hands burn!
Sigmund is almost dead.
Sigmund hits you.
You are splashed with acid!
You hit Sigmund but do no damage. The acid corrodes you!
Your hands burn!
Sigmund is almost dead.
Sigmund hits you.
* * * LOW HITPOINT WARNING * * *
You are splashed with acid!
* * * LOW HITPOINT WARNING * * *
You hit Sigmund.
Your hands burn!
You die...

#.##...####.......
#.###### ##......
#.# ##..... #.#
#.._.. #.# #.....
#)# #..... #.# #J#
#h# #.####.###
#.........
######.###


You could see Sigmund the jelly.

Vanquished Creatures
  Robin (D:2)
  3 dart slugs
  A ribbon worm (D:2)
  4 endoplasms
  3 giant cockroaches
  12 goblins
  7 hobgoblins
  5 jackals (D:1)
  5 kobolds
  A quokka (D:1)
  5 ball pythons
  2 bats (D:2)
  2 frilled lizards (D:1)
  2 rats (D:1)
53 creatures vanquished.

Notes
Turn   | Place    | Note
-------+----------+-------------------------------------------
     0 | D:1      | Ega the Demigod Shapeshifter began the quest for the Orb.
     0 | D:1      | Reached XP level 1. HP: 15/15 MP: 3/3
   266 | D:1      | Reached XP level 2. HP: 15/22 MP: 4/4
   708 | D:1      | Reached skill level 1 in Fighting
   708 | D:1      | Reached XP level 3. HP: 24/28 MP: 5/5
  1514 | D:2      | Noticed Robin
  1560 | D:2      | Killed Robin
  1561 | D:2      | Reached XP level 4. HP: 17/35 MP: 6/6
  1758 | D:2      | Noticed Sigmund
  1834 | D:2      | Sigmund changed into Sigmund the jelly
  1834 | D:2      | Noticed Sigmund
  1840 | D:2      | HP: 1/35 [acid (9)]
  1841 | D:2      | Splashed by Sigmund the jelly's acid

Illustrated notes

Levels and vault maps discovered:
D:1:      lemuel_arrival_behind_the_door_small, layout_basic,
          minmay_heptomino_w4
D:2:      layout_loops_corners, basic_altar, uniq_robin, uniq_sigmund

Skill      XL: |  1  2 |
---------------+-------+-----
Shapeshifting  | 3 |  3.6
Dodging        | 2 |  2.2
Unarmed Combat | 3 |  3.4
Fighting       | 1 |  1.0
Stealth        | |  0.1

Action                     |  1- 3 |  4- 6 || total
---------------------------+-------+-------++-------
  Melee: Unarmed           |   146 |     5 ||   151
         Punch             |     4 |       ||     4
  Evoke: Wand              |       |     2 ||     2
   Stab: Sleeping          |     3 |       ||     3
 Armour: Animal skin       |    75 |     4 ||    79
         Skin              |     2 |       ||     2
  Dodge: Dodged            |    83 |     1 ||    84
